 Dungeon Crawl Stone Soup version 0.31.0-12-g77e489cdc1 (webtiles) character file.

Game seed: 18230167507997259168

27 Killerpretzel the Changeling (level 3, -2/23 HPs)
             Began as an Octopode Shapeshifter on Mar 2, 2024.
             Slain by an adder (3 damage)
             ... on level 2 of the Dungeon.
             The game lasted 00:00:29 (556 turns).

Killerpretzel the Changeling (Octopode Shapeshifter) Turns: 556, Time: 00:00:29

Health: -2/23      AC:  1    Str: 13    XL:     3   Next: 10%
Magic:  3/3        EV: 13    Int: 12    God:
Gold:   53         SH:  0    Dex: 13    Spells: 2/2 levels left

rFire   . .          .
                       - Unarmed
rCold   . . .        (no shield)
rNeg    . . .        (helmet currently unavailable)
rPois   .            (no amulet)
rElec   .            (no ring)
rCorr   .            (no ring)
SInv    .            (no ring)
Will    .....        (no ring)
Stlth   ++           (no ring)
HPRegen 0.23/turn    (no ring)
MPRegen 0.08/turn    (no ring)
                     (no ring)

%: no passive effects
@: beast-form
A: beast (slay +1), almost no armour, amphibious, 8 rings, camouflage 1,
gelatinous body 1, (nimble swimmer 1), tentacles
a: Begin Untransformation


You were on level 2 of the Dungeon.
You were a hulking beast.
You visited 1 branch of the dungeon, and saw 2 of its levels.

You collected 53 gold pieces.

Inventory:

Talismans
 b - a beast talisman
 c - a flux talisman
Scrolls
 d - 3 scrolls of vulnerability
Potions
 a - a potion of lignification
 f - a potion of brilliance {unknown}


   Skills:
 + Level 1.4 Fighting
 + Level 2.3 Dodging
 + Level 3.2 Unarmed Combat
 * Level 3.4 Shapeshifting


You had 2 spell levels left.
You didn't know any spells.
Your spell library was empty.

Dungeon Overview and Level Annotations

Branches:
Dungeon (2/15)

Altars:


Innate Abilities, Weirdness & Mutations

You are a hulking beast.
Your limbs bulge with bestial killing power. (Slay +1)
You cannot wear most types of armour.
You are amphibious.
You can wear up to eight rings at the same time.
Your skin changes colour to match your surroundings (Stealth+).
Your rubbery body absorbs attacks. (AC +1, EV +1)
((You are camouflaged when in or above water. (Stealth+)))
You have tentacles for arms and can constrict up to eight enemies at once.


Message History

You are too injured to fight recklessly!
You are too injured to fight recklessly!
You are too injured to fight recklessly!
You are too injured to fight recklessly!
You are too injured to fight recklessly!
You are too injured to fight recklessly!
You are too injured to fight recklessly!
There are monsters nearby!
You are too injured to fight recklessly!
You are too injured to fight recklessly!
You are too injured to fight recklessly!
You are too injured to fight recklessly!
You are too injured to fight recklessly!
You are too injured to fight recklessly!
You are too injured to fight recklessly!
You are too injured to fight recklessly!
You are too injured to fight recklessly!
You are too injured to fight recklessly!
There are monsters nearby!
You tentacle-slap the bombardier beetle but do no damage.
You squeeze the bombardier beetle.
The bombardier beetle is lightly wounded.
You constrict the bombardier beetle. The adder bites you.
The hobgoblin hits you. The hobgoblin closely misses you.
The bombardier beetle sprays incendiary fluid at you.
The burning spray misses you. The adder bites you.
You tentacle-slap the bombardier beetle.
The bombardier beetle is heavily wounded.
You constrict the bombardier beetle. The hobgoblin closely misses you.
The hobgoblin hits you.
* * * LOW HITPOINT WARNING * * *
The adder bites you.
* * * LOW HITPOINT WARNING * * *
You tentacle-slap the bombardier beetle.
The bombardier beetle is severely wounded.
You constrict the bombardier beetle. The hobgoblin closely misses you.
The hobgoblin hits you.
* * * LOW HITPOINT WARNING * * *
The adder bites you.
You die...

...####
###.....#######
....>........
#.........#
#.........#
#.........#
#...Sgg...###
#....hB.....#
#.....###...##
#.....# .....
#.....###...#
######......#
#########......#
#..............#
#........#######
#.# #........#


You could see a bombardier beetle, an adder and 2 hobgoblins.

Vanquished Creatures
  An adder (D:2)
  A dart slug (D:1)
  A ball python (D:2)
  An endoplasm (D:1)
  2 giant cockroaches (D:1)
  2 goblins (D:1)
  2 quokkas (D:1)
  2 bats (D:1)
  A frilled lizard (D:1)
  A kobold (D:1)
  A rat (D:1)
15 creatures vanquished.

Notes
Turn   | Place    | Note
-------+----------+-------------------------------------------
     0 | D:1      | Killerpretzel the Octopode Shapeshifter began the quest for
                  | the Orb.
     0 | D:1      | Reached XP level 1. HP: 13/13 MP: 1/1
   139 | D:1      | Reached XP level 2. HP: 13/18 MP: 2/2
   482 | D:2      | Reached XP level 3. HP: 13/23 MP: 3/3
   556 | D:2      | HP: 1/23 [hobgoblin (3)]
   556 | D:2      | Slain by an adder

Illustrated notes

Levels and vault maps discovered:
D:1:      minmay_arrival_shoal_huts, layout_rooms
D:2:      layout_basic, minmay_cut_off

Action                     || total
---------------------------++-------
  Melee: Unarmed           ||    30
         Constrict         ||     8
         Tentacles         ||     6
         Punch             ||     3
    Use: Scroll            ||     3
 Armour: Skin              ||    23
  Dodge: Dodged            ||    13
